 Dungeon Crawl Stone Soup version 0.28-a0-1159-g27aa881441 (webtiles) character file.

Game seed: 5003546475865678357

991 ChaosChampion the Insei (level 8, -10/48 HPs)
             Began as an Octopode Transmuter on Dec 15, 2021.
             Mangled by a two-headed ogre (21 damage)
             ... on level 5 of the Dungeon.
             The game lasted 00:08:00 (5984 turns).

ChaosChampion the Insei (Octopode Transmuter)       Turns: 5984, Time: 00:08:01

Health: -10/48     AC:  2    Str:  9    XL:     8   Next: 18%
Magic:  8/11       EV: 19    Int: 17    God:
Gold:   253        SH:  0    Dex: 18    Spells: 5/11 levels left

rFire   . . .      SeeInvis .     - Unarmed
rCold   . . .      Faith    .   (shield currently unavailable)
rNeg    . . .      Spirit   .   (helmet currently unavailable)
rPois   x          Reflect  .   l - amulet of regeneration
rElec   .          Harm     .   (no ring)
rCorr   .          Rampage  .   (no ring)
Will    .....                   (no ring)
Stlth   ++........              (no ring)
HPRegen 0.96/turn               (no ring)
MPRegen 0.12/turn               (no ring)
                                (no ring)
                                (no ring)

@: spider-form, wereblooded
A: venomous fangs, almost no armour, (amphibious), 8 rings, tiny, (camouflage
1), (gelatinous body 1), (nimble swimmer 1), (tentacles)
a: End Transformation


You were on level 5 of the Dungeon.
You were a venomous arachnid creature.
You visited 1 branch of the dungeon, and saw 5 of its levels.

You collected 253 gold pieces.

Inventory:

Armour
 e - a +2 hat (melded)
Jewellery
 l - an amulet of regeneration (around neck)
Wands
 c - a wand of charming (11)
Scrolls
 d - 6 scrolls of teleportation
 i - a scroll of identify
 j - 2 scrolls of fear
 m - a scroll of acquirement {unknown}
Potions
 a - 2 potions of flight
 b - a potion of lignification {unknown}
 f - 2 potions of attraction {unknown}
 g - a potion of haste {unknown}
 h - 2 potions of curing {unknown}
 k - a potion of berserk rage {unknown}
 o - a potion of degeneration {unknown}


   Skills:
 - Level 1.0 Fighting
 - Level 2.0 Dodging
 * Level 7.3 Unarmed Combat
 - Level 2.0 Spellcasting
 + Level 6.0 Transmutations
 - Level 3.0 Poison Magic


You had 5 spell levels left.
You knew the following spells:

 Your Spells              Type           Power      Damage    Failure   Level
a - Beastly Appendage     Tmut           44%        N/A       7%          1
b - Wereblood             Tmut           22%        N/A       10%         2
c - Spider Form           Tmut/Pois      17%        N/A       22%         3

Your spell library contained the following spells:

 Spells                   Type           Power      Damage    Failure   Level
 Poisonous Vapours        Pois/Air       12%        N/A       34%         2
 Foxfire                  Conj/Fire      4%         2x1d4     38%         1
 Corpse Rot               Necr/Air       2%         N/A       50%         2
 Conjure Flame            Conj/Fire      1%         6-21      71%         3
 Dazzling Flash           Conj/Hex       2%         N/A       71%         3
 Inner Flame              Hex/Fire       1%         N/A       71%         3
 Portal Projectile        Hex/Tloc       2%         N/A       71%         3
 Ice Form                 Ice/Tmut       12%        N/A       71%         4
 Flame Wave               Conj/Fire      1%         2d4       96%         4
 Iskenderun's Mystic Bla  Conj/Tloc      1%         2d3       96%         4
 Borgnjor's Vile Clutch   Necr/Erth      0%         N/A       100%        5
 Starburst                Conj/Fire      0%         6d3       100%        6
 Necromutation            Tmut/Necr      6%         N/A       100%        8


Dungeon Overview and Level Annotations

Branches:
Dungeon (5/15)
 Temple: D:4-7

Altars:
Elyvilon
Kikubaaqudgha
Sif Muna
Uskayaw
Yredelemnul

Shops:
D:1 =

Annotations:
D:2 1 runed translucent door, exclusion: door, Crazy Yiuf


Innate Abilities, Weirdness & Mutations

You are a venomous arachnid creature.
You have poisonous fangs.
You are tiny and dextrous.
Your spellcasting is less reliable in this form.
Your armour is entirely melded.
You are incapable of wielding weapons or throwing items.
You cannot wear most types of armour.
((You are amphibious.))
You can wear up to eight rings at the same time.
((Your skin changes colour to match your surroundings (Stealth+).))
((Your rubbery body absorbs attacks. (AC +1, EV +1)))
((You are camouflaged near water. (Stealth+)))
((You have tentacles for arms and can constrict up to eight enemies at once.))


Message History

You see here an iguana corpse.
i - a scroll of identify
m - a scroll labelled TEOKHL YSTIANN You pick up the Compendium of Orientation and Necromancy and begin reading...
You add the spells Portal Projectile, Borgnjor's Vile Clutch and Necromutation to your library.
There is a stone staircase leading up here.
A two-headed ogre is nearby!
A two-headed ogre is nearby!
A two-headed ogre is nearby!
Casting: Spider Form (dangerous; 9% risk of failure)
Confirm with . or Enter, or press ? or * to list all spells.
You turn into a venomous arachnid creature.
Your +2 hat melds into your body.
The two-headed ogre shouts in stereo!
Casting: Spider Form (dangerous; 22% risk of failure)
Confirm with . or Enter, or press ? or * to list all spells.
Your blood is infused with primal strength.
You bite the two-headed ogre!
The two-headed ogre is poisoned.
The two-headed ogre is moderately wounded.
The two-headed ogre barely misses you. The two-headed ogre closely misses you.
You hit the two-headed ogre.
The two-headed ogre looks as sick as possible!
The two-headed ogre is moderately wounded.
The two-headed ogre hits you with a +0 giant club!
The two-headed ogre completely misses you.
An iguana comes into view.
The iguana hisses angrily.
You hit the two-headed ogre.
The two-headed ogre is moderately wounded.
You barely miss the two-headed ogre.
The two-headed ogre is moderately wounded.
The two-headed ogre barely misses you.
The two-headed ogre hits you with a +0 giant spiked club!!
There is a stone staircase leading up here.
You hit the two-headed ogre.
The two-headed ogre is almost dead.
The two-headed ogre hits you with a +0 giant club!!
* * * LOW HITPOINT WARNING * * *
The two-headed ogre hits you with a +0 giant spiked club!!
You die...

#...# ..# ##<## ##### #l#
##### (...# #.# ##...##
###.# #.###.....#
.##.######.........#
#.......######l....#
.##.###.## #..O...#
.##.##.#.####.##s#.#
....#.###...†....#.###
.#.###.#.#.##.#......#
......#.##.##<####.#.#####
##.##.####.##............#
.......#.[>..#####.#.###.#
.####..#.....# #.#.###.#
.####..#.....# #.#..##.#
.##....#.....# #.##.##.#


You could see a two-headed ogre (very poisoned) and an iguana.

Vanquished Creatures
  Grinder (D:3)
  Sigmund (D:3)
  A necrophage (D:4)
  An ogre (D:3)
  4 scorpions
  2 hounds
  An orc wizard (D:4)
  An iguana (D:5)
  A hound skeleton (D:4)
  4 adders
  An adder skeleton (D:4)
  An adder zombie (D:3)
  A worm (D:2)
  2 dart slugs
  9 orcs
  4 bats
  8 endoplasms
  3 giant cockroaches
  3 goblins (D:1)
  9 hobgoblins
  2 quokkas
  7 ball pythons
  2 frilled lizards
  4 kobolds
  6 rats
79 creatures vanquished.

Notes
Turn   | Place    | Note
-------+----------+-------------------------------------------
     0 | D:1      | ChaosChampion the Octopode Transmuter began the quest for
                  | the Orb.
     0 | D:1      | Reached XP level 1. HP: 13/13 MP: 3/3
   290 | D:1      | Found Meot's Jewellery Shoppe.
   471 | D:1      | Reached XP level 2. HP: 17/17 MP: 3/5
   515 | D:1      | Learned a level 2 spell: Wereblood
  1528 | D:2      | Reached XP level 3. HP: 20/23 MP: 2/6
  1674 | D:2      | Reached skill level 4 in Unarmed Combat
  2396 | D:2      | Found a runed translucent door.
  2397 | D:2      | Noticed Crazy Yiuf
  2621 | D:2      | Learned a level 3 spell: Spider Form
  2763 | D:3      | Reached XP level 4. HP: 12/28 MP: 3/7
  2967 | D:3      | Reached skill level 1 in Poison Magic
  3227 | D:3      | Noticed Sigmund
  3242 | D:3      | Killed Sigmund
  3243 | D:3      | Reached skill level 5 in Unarmed Combat
  3243 | D:3      | Reached XP level 5. HP: 30/33 MP: 3/8
  3262 | D:3      | Reached XP level 6. HP: 38/38 MP: 2/9
  3376 | D:3      | Noticed Grinder
  3390 | D:3      | Paralysed by Grinder for 3 turns
  3391 | D:3      | Killed Grinder
  3523 | D:3      | Found a shimmering blue altar of Sif Muna.
  3740 | D:3      | Reached XP level 7. HP: 43/43 MP: 4/10
  4243 | D:4      | Found a hide-covered altar of Uskayaw.
  4355 | D:4      | Reached skill level 6 in Unarmed Combat
  4365 | D:4      | Reached skill level 5 in Transmutations
  4846 | D:4      | Found a basalt altar of Yredelemnul.
  5240 | D:4      | Found an ancient bone altar of Kikubaaqudgha.
  5264 | D:4      | Reached XP level 8. HP: 36/48 MP: 8/11
  5418 | D:4      | Found a white marble altar of Elyvilon.
  5596 | D:5      | Entered Level 5 of the Dungeon
  5637 | D:5      | Reached skill level 7 in Unarmed Combat
  5670 | D:5      | Noticed a two-headed ogre
  5917 | D:5      | Got the Compendium of Orientation and Necromancy
  5984 | D:5      | Mangled by a two-headed ogre

Illustrated notes

Levels and vault maps discovered:
D:1:      minmay_arrival_four_houses, layout_loops_corners, serial_shops,
          nicolae_shop_advertising_works [nicolae_subvault_shop_adworks]
D:2:      layout_loops_ring, minmay_tetromino_t4, uniq_crazy_yiuf_cottage
D:3:      layout_basic, nicolae_sif_muna_little_library, minmay_three_crescents,
          uniq_grinder, uniq_sigmund
D:4:      layout_basic, kennysheep_ying_yang, kennysheep_mini_moat,
          nicolae_uskayaw_suspiria
D:5:      layout_loops_cross, ebering_ghost_sewer_d, minmay_between

Skill      XL: |  1  2  3  4  5  6  7  8 |
---------------+-------------------------+-----
Unarmed Combat | 4 5 6 7 |  7.3
Poison Magic   | 3 |  3.0
Transmutations | 3 4 5 6 |  6.0
Fighting       | |  1.0
Dodging        | |  2.0
Spellcasting   | |  2.0

Action                   |  1- 3 |  4- 6 |  7- 9 || total
-------------------------+-------+-------+-------++-------
Melee: Unarmed           |    76 |    35 |    99 ||   210
       Constrict         |    15 |     3 |     7 ||    25
       Kick              |     9 |     2 |     1 ||    12
       Tentacles         |    14 |     3 |     3 ||    20
       Punch             |     2 |     1 |     2 ||     5
 Cast: Beastly Appendage |    20 |     2 |     3 ||    25
       Wereblood         |    15 |     4 |     9 ||    28
       Spider Form       |       |     3 |    15 ||    18
  Use: Scroll            |       |       |    10 ||    10
 Stab: Sleeping          |     6 |     3 |     2 ||    11
Armor: Skin              |    15 |     3 |     7 ||    25
Dodge: Dodged            |    48 |    17 |    60 ||   125

Table legend: (Time is in decaauts)
 A = Elapsed time spent in this place.
 B = Non-inter-level travel time spent in this place.
 C = Inter-level travel time spent in this place.
 D = Time resting spent in this place.
 E = Time spent auto-exploring this place.
 F = Levels seen in this place.
 G = Mean time per level.
                   A        B        C        D        E       F      G
               +--------+--------+--------+--------+--------+-----+--------+
         Total |   5965 |   5877 |     88 |    217 |   4735 |   5 | 1193.0 |
       Dungeon |   5965 |   5877 |     88 |    217 |   4735 |   5 | 1193.0 |
               +--------+--------+--------+--------+--------+-----+--------+

Top non-repeatable levels by time:
     D:4: 1575 daAuts
     D:1: 1516 daAuts
     D:3: 1407 daAuts
     D:2: 1162 daAuts
     D:5: 303 daAuts
